 Dungeon Crawl Stone Soup version 0.29.1-14-g9c671dbff4 (webtiles) character file.

Game seed: 8481128380673356087

2920 Peloso the Protected (level 9, -2/78 HPs)
             Began as a Minotaur Fighter on Feb 12, 2023.
             Was a Follower of Okawaru.
             Slain by a skeletal warrior
             ... wielding a +0 battleaxe
              (25 damage)
             ... on level 7 of the Dungeon.
             The game lasted 00:13:18 (8477 turns).

Peloso the Protected (Minotaur Fighter)             Turns: 8477, Time: 00:13:18

Health: -2/78      AC: 14    Str: 23    XL:     9   Next: 50%
Magic:  6/8        EV: 12    Int:  7    God:    Okawaru [*.....]
Gold:   319        SH: 14    Dex: 18    Spells: 8/8 levels left

rFire   . . .      SeeInvis +   b - +8 dagger of Breach {vorpal, rC+ Int+2 SInv Stlth+}
rCold   + . .      Faith    .   d - +0 kite shield
rNeg    . . .      Spirit   .   g - +0 chain mail
rPois   .          Reflect  .   (helmet restricted)
rElec   .          Harm     .   t - +0 cloak
rCorr   .          Rampage  .   (no gloves)
Will    .....                   (no boots)
Stlth   ++........              (no amulet)
HPRegen 0.23/turn               C - +6 ring of dexterity
MPRegen 0.11/turn               (no ring)

@: heroic
A: horns 2, retaliatory headbutt
a: Renounce Religion, Heroism


You were on level 7 of the Dungeon.
You worshipped Okawaru.
Okawaru was aware of your devotion.
You visited 2 branches of the dungeon, and saw 8 of its levels.

You collected 403 gold pieces.
You spent 84 gold pieces at shops.

Inventory:

Hand Weapons
 a - a +3 scimitar
 b - the +8 dagger of Breach (weapon) {vorpal, rC+ Int+2 SInv Stlth+}
   (You found it on level 2 of the Dungeon)

   It inflicts extra damage upon your enemies.
   Int:       It affects your intelligence (+2).
   rC:        It protects you from cold.
   SInv:      It lets you see invisible.
   Stlth:     It makes you more stealthy.
Missiles
 h - 2 throwing nets (quivered)
Armour
 c - a +0 scale mail
 d - a +0 kite shield (worn)
 g - a +0 chain mail (worn)
 t - a +0 cloak (worn)
Jewellery
 C - a +6 ring of dexterity (left hand)
Wands
 k - a wand of roots (11)
 o - a wand of light (7)
 B - a wand of paralysis (9)
Scrolls
 i - a scroll of summoning
 m - 3 scrolls of enchant weapon
 q - a scroll of vulnerability {unknown}
 r - a scroll of brand weapon {unknown}
 s - a scroll of fear {unknown}
 u - 4 scrolls of teleportation {unknown}
 x - a scroll of blinking {unknown}
 y - 2 scrolls of enchant armour {unknown}
 z - a scroll of magic mapping {unknown}
 A - a scroll of immolation {unknown}
Potions
 e - a potion of might
 f - 7 potions of curing
 j - 3 potions of invisibility
 l - a potion of ambrosia
 n - a potion of brilliance
 p - a potion of cancellation
 v - a potion of haste
 w - 2 potions of flight


   Skills:
 + Level 6.8(11.8) Fighting
 + Level 6.5(11.9) Short Blades
 + Level 3.5(10.8) Long Blades
 + Level 9.3(14.3) Armour
 + Level 2.7(7.7) Dodging
 + Level 1.6(6.6) Stealth
 + Level 8.8(13.8) Shields


You had 8 spell levels left.
You didn't know any spells.
Your spell library contained the following spells:

 Spells                   Type           Power      Damage    Failure   Level
 Necrotise                Necr           0%         1d4       99%         1
 Ensorcelled Hibernation  Hex/Ice        0%         N/A       99%         2
 Passwall                 Tmut/Erth      0%         N/A       99%         2
 Sublimation of Blood     Necr           0%         N/A       99%         2
 Wereblood                Tmut           0%         N/A       99%         2
 Dazzling Flash           Conj/Hex       0%         N/A       100%        3
 Swiftness                Air            0%         N/A       100%        3
 Vampiric Draining        Necr           0%         2d6       100%        3
 Agony                    Necr           0%         N/A       100%        5
 Fireball                 Conj/Fire      0%         3d3       100%        5
 Silence                  Hex/Air        0%         N/A       100%        5
 Starburst                Conj/Fire      0%         6d3       100%        6
 Ignition                 Fire           0%         3d3       100%        8
 Summon Small Mammal      Summ           Unusable   N/A       N/A         1
 Call Canine Familiar     Summ           Unusable   N/A       N/A         3
 Summon Guardian Golem    Hex/Summ       Unusable   N/A       N/A         3
 Summon Hydra             Summ           Unusable   N/A       N/A         7

Dungeon Overview and Level Annotations

Branches:
Dungeon (7/15)             Temple (1/1) D:6

Altars:
Ashenzari
Cheibriados
Elyvilon
Fedhas
Gozag
Hepliaklqana
Kikubaaqudgha
Makhleb
Nemelex Xobeh
Okawaru
Qazlal
Sif Muna
Trog
Uskayaw
Vehumet
Wu Jian
Xom
Yredelemnul
Zin
The Shining One

Shops:
D:4 (   D:5 (   D:6 :?

Annotations:
D:6 exclusion: statue


Innate Abilities, Weirdness & Mutations

You have a pair of horns on your head.
You reflexively headbutt those who attack you in melee.


Message History

The skeletal warrior hits you but does no damage.
You barely miss the skeletal warrior.
The skeletal warrior is heavily damaged.
The skeletal warrior hits you but does no damage.
You barely miss the skeletal warrior.
Your headbutt misses the skeletal warrior.
The skeletal warrior is heavily damaged.
You block the skeletal warrior's attack.
You gain the combat prowess of a mighty hero.
You block the skeletal warrior's attack.
You hit the skeletal warrior but do no damage.
You headbutt the skeletal warrior, but do no damage.
The skeletal warrior is heavily damaged.
You puncture the skeletal warrior!
Your headbutt misses the skeletal warrior.
The skeletal warrior is severely damaged.
The skeletal warrior barely misses you.
You hit the skeletal warrior but do no damage.
The skeletal warrior is severely damaged.
You closely miss the skeletal warrior.
The skeletal warrior is severely damaged.
The skeletal warrior barely misses you.
You closely miss the skeletal warrior.
You headbutt the skeletal warrior, but do no damage.
The skeletal warrior is severely damaged.
The skeletal warrior hits you with a +0 battleaxe!
* * * LOW HITPOINT WARNING * * *
You hit the skeletal warrior but do no damage.
The skeletal warrior is severely damaged.
You barely miss the skeletal warrior.
The skeletal warrior is severely damaged.
You block the skeletal warrior's attack.
You hit the skeletal warrior but do no damage.
You headbutt the skeletal warrior, but do no damage.
The skeletal warrior is severely damaged.
Okay, then.
Okay, then.
You feel better.
The skeletal warrior hits you with a +0 battleaxe!!
You die...

###...#...#.....##..##
#
#.....#._.#.#####...#
..##..#...#.# ##..##
####..##.##.####..## #
#...#.#....##..# #
#...#.#.......## #
#...#.#.......# #
##..#'#....#.z# ##
##...........@## .#
#..............# .#
#..........?...## .#
#...............# .#
#.............#.# .#
##............#.## .#
#............##.# .#
#....##########.# ##
##.### ###


You could see a skeletal warrior.

Vanquished Creatures
  A troll (D:7)
  A wyvern (D:7)
  A steam dragon (D:7)
  2 water moccasins
  2 ice beasts
  3 black bears
  An ogre (D:7)
  A centaur (D:7)
  A phantom (D:5)
  A kobold brigand (D:4)
  2 bullfrogs (D:7)
  2 necrophages
  A scorpion (D:7)
  5 wights (D:5)
  2 howler monkeys
  4 hounds
  An orc priest (D:4)
  3 gnoll boudas
  Jessica (D:2)
  Terence (D:2)
  3 iguanas
  3 orc wizards
  14 gnolls
  9 adders
  A shadow imp (D:7)
  4 white imps
  2 ufetubi
  A worm (D:2)
  4 dart slugs
  26 orcs
  7 endoplasms
  2 giant cockroaches
  9 goblins
  8 hobgoblins
  4 jackals (D:3)
  8 kobolds
  5 quokkas
  7 ball pythons
  6 bats
  5 frilled lizards
  11 rats
  3 bushes (D:4)
178 creatures vanquished.

Vanquished Creatures (others)
  3 plants (D:4)
3 creatures vanquished.

Grand Total: 181 creatures vanquished

Notes
Turn   | Place    | Note
-------+----------+-------------------------------------------
     0 | D:1      | Peloso the Minotaur Fighter began the quest for the Orb.
     0 | D:1      | Reached XP level 1. HP: 19/19 MP: 0/0
   729 | D:1      | Found a faded altar of an unknown god.
   872 | D:1      | Reached XP level 2. HP: 27/27 MP: 1/1
   979 | D:2      | Identified the +8 dagger of Breach {vorpal, rC+ Int+2 SInv
                  | Stlth+}
  1056 | D:2      | Noticed Jessica
  1064 | D:2      | Killed Jessica
  1065 | D:2      | Reached skill level 4 in Armour
  1065 | D:2      | Reached XP level 3. HP: 27/33 MP: 2/2
  1295 | D:2      | Noticed Terence
  1304 | D:2      | Killed Terence
  1305 | D:2      | Reached XP level 4. HP: 31/41 MP: 3/3
  2154 | D:3      | Found a large runed translucent door.
  2154 | D:3      | Found a large runed translucent door.
  2162 | D:3      | Reached skill level 1 in Short Blades
  2162 | D:3      | Reached XP level 5. HP: 47/47 MP: 4/4
  2316 | D:3      | Found a sparkling altar of Nemelex Xobeh.
  2507 | D:3      | Reached skill level 5 in Armour
  2789 | D:3      | Found a bloodstained altar of Trog.
  2798 | D:3      | Reached skill level 5 in Fighting
  2809 | D:3      | Found a blossoming altar of Fedhas.
  2906 | D:4      | Reached XP level 6. HP: 42/56 MP: 5/5
  3302 | D:4      | Reached skill level 1 in Dodging
  3302 | D:4      | Reached skill level 1 in Stealth
  3302 | D:4      | Reached skill level 5 in Shields
  3363 | D:4      | Reached skill level 6 in Armour
  3369 | D:4      | Found Nopsa's Antique Weapon Shop.
  3663 | D:4      | Reached XP level 7. HP: 59/61 MP: 6/6
  3871 | D:4      | Found a white marble altar of Elyvilon.
  3880 | D:4      | Found a broken altar of Ashenzari.
  4170 | D:5      | Entered Level 5 of the Dungeon
  4215 | D:5      | Found an opulent altar of Gozag.
  4491 | D:5      | Reached skill level 7 in Armour
  4493 | D:5      | Reached XP level 8. HP: 17/65 MP: 7/7
  5579 | D:5      | Found Quzoe's Antique Weapon Shoppe.
  6147 | D:6      | Found a hide-covered altar of Uskayaw.
  6265 | D:6      | Found Plog's Magic Scroll Boutique.
  6271 | D:6      | Bought 3 scrolls of identify for 84 gold pieces
  6298 | D:6      | Found Queho's Self-Improvement Boutique.
  6321 | D:6      | Found a staircase to the Ecumenical Temple.
  6350 | Temple   | Entered the Ecumenical Temple
  6355 | Temple   | Became a worshipper of Warmaster Okawaru
  6447 | D:6      | Reached skill level 5 in Short Blades
  6447 | D:6      | Reached skill level 8 in Armour
  6695 | D:6      | Found a radiant altar of Vehumet.
  7224 | D:7      | Found a stormy altar of Qazlal.
  7249 | D:7      | Noticed a troll
  7253 | D:7      | Reached XP level 9. HP: 29/75 MP: 8/8
  7581 | D:7      | Killed a troll
  7581 | D:7      | Reached * piety under Okawaru
  7718 | D:7      | Reached skill level 9 in Armour
  8433 | D:7      | Noticed a skeletal warrior
  8477 | D:7      | Slain by a skeletal warrior

Illustrated notes

Levels and vault maps discovered:
D:1:      nagdon_arrival_double_spiral, layout_basic,
          shapermc_ecumenical_altar_starsandcircs
D:2:      layout_loops_ring, uniq_jessica, uniq_terence
D:3:      layout_loops_ring, mainiacjoe_overflow_alcove_1, jmf_multi_god_temple2
D:4:      layout_basic, mainiacjoe_overflow_swirl, serial_shops, shop,
          nicolae_hexahallways, lexackson_kobold_supper
D:5:      layout_layer_cave, grunt_gozag_breadcrumbs, serial_shops, shop
D:6:      layout_cave_pools, old_standard_altar, vehumet_statue,
          minmay_temple_entry_glassed_door, serial_shops, nicolae_square_shop,
          grunt_ministairs_1, nicolae_shop_self_help
D:7:      hangedman_cross_stitches, layout_cave_pods,
          mainiacjoe_overflow_surrounded_room, minmay_the_grid_2x2
          [minmay_the_grid_square_x, minmay_the_grid_spin_star,
          minmay_the_grid_plusring, minmay_the_grid_prize_shrinking_boxes]
Temple:   nicolae_temple_ecumenical_triangle

Skill      XL: |  1  2  3  4  5  6  7  8  9 |
---------------+----------------------------+-----
Fighting       | 4 5 6 |  6.8
Long Blades    | 3 |  3.5
Armour         | 4 5 6 7 8 9 |  9.3
Shields        | 4 5 6 8 |  8.8
Short Blades   | 1 3 4 5 6 |  6.5
Dodging        | 1 2 |  2.7
Stealth        | 1 |  1.6

Action                   |  1- 3 |  4- 6 |  7- 9 || total
-------------------------+-------+-------+-------++-------
Melee: Long sword        |    21 |       |       ||    21
       Headbutt          |     4 |    24 |   111 ||   139
       Dagger            |    26 |   160 |   416 ||   602
Invok: Heroism           |       |       |     3 ||     3
  Use: Potion            |     3 |       |     2 ||     5
       Scroll            |     2 |     6 |     4 ||    12
Armor: Scale mail        |    14 |       |       ||    14
       Chain mail        |       |    71 |   163 ||   234
Dodge: Dodged            |    22 |    36 |    87 ||   145
Block: Buckler           |    12 |       |       ||    12
       Kite shield       |       |    65 |   154 ||   219
